AoeStats
← [ KOF ] M. Kowalski

Arabia

504020621Analyzed
1v1 RM · 27d ago on Sep 3, 2026· 34m 27s· 2 players
Game mode
Random Map
Map size
Tiny (2 player)
Population
200
Speed
Normal
Resources
Standard
Victory
Conquest
Starting age
Dark Age
Ending age
Imperial Age
RankedLock teamsTeams togetherTeam positionsShared explorationLock speedFull tech treeHidden civsTurbo modeCheats
Victory
Defeat
🇦🇷 Khitans · Argentina
1159
+15
🇮🇳 Persians · India
1139
-15
MD MEOWDULLA BILLUJI
5:40 Loom
9:04 Feudal Age
10:08 Double-Bit Axe
22:09 Castle Age
29:32 Horse Collar
34:15 Scale Barding Armor
34:20 Forging
[ KOF ] M. Kowalski
6:27 Loom
9:17 Feudal Age
10:04 Double-Bit Axe
15:00 Forging
17:50 Scale Barding Armor
22:38 Castle Age
24:18 Iron Casting
23:15 Light Cavalry
23:55 Husbandry
24:07 Town Watch
25:20 Chain Barding Armor
30:00 Bow Saw
29:39 Domestication
34:33 Fletching
Connection lost

Rejoining the realm…

Still unreachable

The connection could not be restored.

Session expired

The server has moved on; the page needs a fresh start.